Login

Fucksticks vs Aces

Created - December 17, 2023 at 12:16

Goals
1 2 3 OT1 SO T
Fucksticks 0 1 1 0 1 3
Aces 2 0 0 0 0 2
Shots
1 2 3 OT1 SO T
Fucksticks 12 13 11 2 3 38
Aces 11 15 8 0 3 34

GoalsPenalties
1st period
1. Aces , Nathan MacKinnon 8 (Lee Mack 17) at 0:13
2. Aces , Clayton Keller 6 (Jack Hughes 10, Nathan MacKinnon 10) at 11:42
2nd period
3. Fucksticks , Kyle Connor 10 (Mark Stone 5) at 2:47
Alex DeBrincat (FUK) for Delaying the game (Minor) at 4:00
3rd period
4. Fucksticks , Alex DeBrincat 7 (Connor McDavid 14, Ilya Sorokin) at 11:29 (PP)
Lee Mack (MAL) for Tripping (Minor) at 6:45
Robby Fabbri (MAL) for Tripping (Minor) at 10:44
Overtime #1
No Goal
Shootout
Fucksticks, Connor McDavid - Goal!
Aces, Nathan MacKinnon - Stopped by Ilya Sorokin
Fucksticks, Tage Thompson - Shot Misses the Net
Aces, Jack Hughes - Stopped by Ilya Sorokin
Fucksticks, Kyle Connor - Stopped by Carter Hart
Aces, Clayton Keller - Stopped by Ilya Sorokin
Goalie Stats
Ilya Sorokin (FUK), 32 saves from 34 shots - (0.941), W, 12-5-1, 65:00 minutes
Carter Hart (MAL), 36 saves from 38 shots - (0.947), OTL, 10-11-4, 65:00 minutes
3 StarsOfficial
1 - Nathan MacKinnon (MAL)
2 - Clayton Keller (MAL)
3 - Kyle Connor (FUK)
Referees : Unknown
Linesman : Unknown
Game Note
Andrei Kuzmenko is injured at 11:38 of 1st period (Right Hand)
11:29 of 3rd period - Fucksticks goal is going for a video replay. After video review, Goal.
Finance
Level 1 -- Attendance: 4979 (82.98%) -- Ticket Income $497,900
Level 2 -- Attendance: 3975 (79.50%) -- Ticket Income $238,500
Level 3 -- Attendance: 1585 (79.25%) -- Ticket Income $55,475
Level 4 -- Attendance: 2903 (72.58%) -- Ticket Income $72,575
Luxury Box -- Attendance: 1000 (100.00%) -- Ticket Income $200,000
Game was played at the Ikea Arena.
Total Attendance: 14442 (80.23%)
Total Ticket Income: $1,064,450
Other Income: $425,780
Total Income: $1,490,230



Team Name Goals Shots Shots Attemp Shots Blocked PIM HIT PP PK FO%
Fucksticks 33875182191 / 2 (50%)061%
Aces 23467154280 / 1 (0%)139%

Fucksticks
Player Name POS G A P +/- PIM HIT SHT SB MP PP MP PP SHT PK MP PK SHT FO% FOT GA TA
Alex DeBrincatLW/RW101-2202018:501:4510:0000% 110
Andrei KuzmenkoLW000000013:090:0000:0000% 000
Connor McDavidC011-2016126:501:4511:00048% 2521
Dawson MercerRW0000022015:460:0000:3500% 000
Elias LindholmC/RW0001012019:200:5100:00060% 1501
J.J. MoserD0000020114:500:0000:0000% 000
John CarlsonD0001010318:090:4700:4500% 000
Kyle ConnorLW1011037119:550:5900:5900% 031
MacKenzie WeegarD0001021017:160:4700:4500% 001
Mark GiordanoD0000011114:310:0000:0000% 000
Mark StoneRW0111031118:340:5900:0000% 000
Matthew BeniersC0000003016:300:0800:00075% 1200
Mulvinder BitchTitsD000-2025530:161:5701:1400% 011
Pavel ZachaC/LW0000001113:190:0000:2400% 001
Quinn HughesD000000108:460:0000:0000% 000
Rasmus DahlinD000-2013321:121:5711:1400% 000
Tage ThompsonC/LW/RW000-2003019:491:4501:0000% 010
Thomas NovakC0000000015:580:0000:00082% 1100
Aces
Player Name POS G A P +/- PIM HIT SHT SB MP PP MP PP SHT PK MP PK SHT FO% FOT GA TA
Anthony BeauvillierLW000001209:060:0000:0000% 100
Carter VerhaegheC/LW/RW000-1023019:070:5300:00037% 1920
Charlie CoyleC/RW000-1022018:590:5300:0000% 103
Clayton KellerLW/RW1012031017:491:0600:5400% 200
Dante FabbroD0000030216:060:0000:5500% 000
Erik CernakD0001011228:251:1601:4000% 000
Jack HughesC/LW0112000018:241:0601:2900% 200
Jordan KyrouLW/RW000-1026020:310:5310:5400% 112
Lee MackD0111221428:121:1600:4500% 000
Mikael BacklundC/RW0000022015:110:0000:000100% 100
Nathan MacKinnonC1122038226:011:0601:29050% 2002
Nick LeddyD0000002215:210:0000:0500% 000
Paul StastnyC/LW000000001:340:0000:0000% 000
Robby FabbriC/LW0000233015:500:0000:21013% 810
Ross ColtonC/LW000001109:060:0000:00067% 600
Ryan McDonaghD0000000119:000:4301:0400% 010
Thomas ChabotD0000020218:000:4300:5900% 001
Victor OlofssonLW/RW0000012015:320:0000:21067% 310

Fucksticks

5 vs 5 Forward
Line #Left WingCenterRight WingPHYDFOFWanted %Time %Time Play
1Tage ThompsonConnor McDavidAlex DeBrincat1223028%15:26
2Kyle ConnorElias LindholmMark Stone1222830%16:25
3Andrei KuzmenkoMatthew BeniersDawson Mercer1222628%15:41
4Pavel ZachaThomas NovakConnor McDavid1221614%7:45
5 vs 5 Defense
Line #DefenseDefensePHYDFOFWanted %Time %Time Play
1Mulvinder BitchTitsRasmus Dahlin1223029%16:16
2John CarlsonMacKenzie Weegar1222828%15:44
3J.J. MoserMark Giordano1222626%14:31
4Quinn HughesMulvinder BitchTits1221616%8:46
Power Play Forward
Line #Left WingCenterRight WingPHYDFOFWanted %Time %Time Play
1Tage ThompsonConnor McDavidAlex DeBrincat1225564%1:45
2Kyle ConnorElias LindholmMark Stone1224536%0:59
Power Play Defense
Line #DefenseDefensePHYDFOFWanted %Time %Time Play
1Mulvinder BitchTitsRasmus Dahlin1225571%1:57
2John CarlsonMacKenzie Weegar1224529%0:47
Penalty Kill 4 Players Forward
Line #CenterWingPHYDFOFWanted %Time %Time Play
1Connor McDavidTage Thompson1225550%1:00
2Kyle ConnorAndrei Kuzmenko1224550%0:59
Penalty Kill 4 Players Defense
Line #DefenseDefensePHYDFOFWanted %Time %Time Play
1Mulvinder BitchTitsRasmus Dahlin1225562%1:14
2John CarlsonMacKenzie Weegar1224538%0:45
Penalty Kill 3 Players
Line #WingPHYDFOFWanted %Time %Time PlayDefenseDefensePHYDFOFWanted %Time %Time Play
1Connor McDavid122550%0:00 Mulvinder BitchTitsRasmus Dahlin122550%0:00
2Tage Thompson122450%0:00 John CarlsonMacKenzie Weegar122450%0:00
4 vs 4 Forward
Line #CenterWingPHYDFOFWanted %Time %Time Play
1Connor McDavidTage Thompson122550%0:00
2Kyle ConnorAndrei Kuzmenko122450%0:00
4 vs 4 Defense
Line #DefensePHYDFOFWanted %Time %Time Play
1Mulvinder BitchTitsRasmus Dahlin122550%0:00
2John CarlsonMacKenzie Weegar122450%0:00
Last Minutes Offensive
Left WingCenterRight WingDefenseDefense
Tage ThompsonConnor McDavidAlex DeBrincatMulvinder BitchTitsRasmus Dahlin
Last Minutes Defensive
Left WingCenterRight WingDefenseDefense
Tage ThompsonConnor McDavidAlex DeBrincatMulvinder BitchTitsRasmus Dahlin
Time
Total ForwardTotal DefenseLast Minutes OffensiveLast Minutes Defensive
60:00 60:00 0:000:00
Extra Forwards
Normal PowerPlayPenalty Kill
Matthew Beniers, Thomas Novak, Dawson MercerMatthew Beniers, Thomas NovakDawson Mercer
Extra Defensemen
Normal PowerPlayPenalty Kill
J.J. Moser, Mark Giordano, Quinn HughesJ.J. Moser, Mark GiordanoQuinn Hughes
Penalty Shots
Connor McDavid, Tage Thompson, Kyle Connor, Andrei Kuzmenko, Alex DeBrincat
Goalie
Ilya Sorokin, Jeremy Swayman
Custom OT Lines Forwards
Connor McDavid, Tage Thompson, Kyle Connor, Andrei Kuzmenko, Alex DeBrincat, Mark Stone, Elias Lindholm, Matthew Beniers, Thomas Novak, Dawson Mercer
Custom OT Lines Defensemen
Mulvinder BitchTits, Rasmus Dahlin, John Carlson, MacKenzie Weegar, J.J. Moser
Scratches
Yanni Gourde (Healthy), Trent Frederic (Healthy)

Aces

5 vs 5 Forward
Line #Left WingCenterRight WingPHYDFOFWanted %Time %Time Play
1Jack HughesNathan MacKinnonClayton Keller1223025%13:56
2Jordan KyrouCarter VerhaegheCharlie Coyle1222831%17:04
3Victor OlofssonRobby FabbriMikael Backlund1222627%15:11
4Anthony BeauvillierRoss ColtonNathan MacKinnon1221616%9:06
5 vs 5 Defense
Line #DefenseDefensePHYDFOFWanted %Time %Time Play
1Lee MackErik Cernak1223029%15:49
2Ryan McDonaghThomas Chabot1222829%16:18
3Nick LeddyDante Fabbro1222627%15:11
4Lee MackErik Cernak1221614%7:59
Power Play Forward
Line #Left WingCenterRight WingPHYDFOFWanted %Time %Time Play
1Jack HughesNathan MacKinnonClayton Keller1225555%1:06
2Jordan KyrouCarter VerhaegheCharlie Coyle1224545%0:53
Power Play Defense
Line #DefenseDefensePHYDFOFWanted %Time %Time Play
1Lee MackErik Cernak1225564%1:16
2Ryan McDonaghThomas Chabot1224536%0:43
Penalty Kill 4 Players Forward
Line #CenterWingPHYDFOFWanted %Time %Time Play
1Nathan MacKinnonJack Hughes1225567%1:50
2Clayton KellerJordan Kyrou1224533%0:54
Penalty Kill 4 Players Defense
Line #DefenseDefensePHYDFOFWanted %Time %Time Play
1Lee MackErik Cernak1225564%1:45
2Ryan McDonaghThomas Chabot1224536%0:59
Penalty Kill 3 Players
Line #WingPHYDFOFWanted %Time %Time PlayDefenseDefensePHYDFOFWanted %Time %Time Play
1Nathan MacKinnon122550%0:00 Lee MackErik Cernak122550%0:00
2Jack Hughes122450%0:00 Ryan McDonaghThomas Chabot122450%0:00
4 vs 4 Forward
Line #CenterWingPHYDFOFWanted %Time %Time Play
1Nathan MacKinnonJack Hughes122550%0:00
2Clayton KellerJordan Kyrou122450%0:00
4 vs 4 Defense
Line #DefensePHYDFOFWanted %Time %Time Play
1Lee MackErik Cernak122550%0:00
2Ryan McDonaghThomas Chabot122450%0:00
Last Minutes Offensive
Left WingCenterRight WingDefenseDefense
Jack HughesNathan MacKinnonClayton KellerLee MackErik Cernak
Last Minutes Defensive
Left WingCenterRight WingDefenseDefense
Jack HughesNathan MacKinnonClayton KellerLee MackErik Cernak
Time
Total ForwardTotal DefenseLast Minutes OffensiveLast Minutes Defensive
60:00 60:00 0:000:00
Extra Forwards
Normal PowerPlayPenalty Kill
Paul Stastny, Robby Fabbri, Victor OlofssonPaul Stastny, Robby FabbriVictor Olofsson
Extra Defensemen
Normal PowerPlayPenalty Kill
Nick Leddy, Dante Fabbro, Ryan McDonaghNick Leddy, Dante FabbroRyan McDonagh
Penalty Shots
Nathan MacKinnon, Jack Hughes, Clayton Keller, Jordan Kyrou, Carter Verhaeghe
Goalie
Carter Hart, Chris Driedger
Custom OT Lines Forwards
Nathan MacKinnon, Jack Hughes, Clayton Keller, Jordan Kyrou, Carter Verhaeghe, Charlie Coyle, Robby Fabbri, Victor Olofsson, Mikael Backlund, Anthony Beauvillier
Custom OT Lines Defensemen
Lee Mack, Erik Cernak, Ryan McDonagh, Thomas Chabot, Nick Leddy
Scratches
Arthur Kaliyev (Healthy), Philipp Grubauer (Healthy)


Play-by-Play

1st period


0:01 of 1st period - Connor McDavid wins face-off versus Nathan MacKinnon in neutral zone.
0:13 of 1st period - Backhand shot by Nathan MacKinnon.
0:13 of 1st period - Goal by Nathan MacKinnon - Fucksticks : 0 - Aces : 1.
0:14 of 1st period - Elias Lindholm wins face-off versus Carter Verhaeghe in neutral zone.
0:37 of 1st period - Ryan McDonagh is hit by MacKenzie Weegar and loses puck.
0:42 of 1st period - Wrist shot by Kyle Connor.
0:42 of 1st period - Stopped by Carter Hart with a rebound.
0:55 of 1st period - Off-side.
0:56 of 1st period - Mikael Backlund wins face-off versus Matthew Beniers in neutral zone.
1:22 of 1st period - Mark Giordano is hit by Ross Colton.
1:28 of 1st period - Snap shot by Nathan MacKinnon.
1:28 of 1st period - Stopped by Ilya Sorokin without a rebound.
1:29 of 1st period - Connor McDavid wins face-off versus Nathan MacKinnon in Fucksticks zone.
1:34 of 1st period - Snap shot by Connor McDavid.
1:34 of 1st period - Stopped by Carter Hart with a rebound.
1:36 of 1st period - Slapshot by Mulvinder BitchTits.
1:36 of 1st period - Stopped by Carter Hart with a rebound.
1:38 of 1st period - Wrist shot by Quinn Hughes.
1:38 of 1st period - Stopped by Carter Hart without a rebound.
1:39 of 1st period - Nathan MacKinnon wins face-off versus Connor McDavid in Aces zone.
2:23 of 1st period - Slapshot by Tage Thompson.
2:23 of 1st period - Shot Misses the Net.
3:08 of 1st period - Erik Cernak is hit by Mulvinder BitchTits and loses puck.
3:13 of 1st period - Slapshot by Connor McDavid.
3:13 of 1st period - Stopped by Carter Hart without a rebound.
3:14 of 1st period - Matthew Beniers wins face-off versus Robby Fabbri in Aces zone.
3:19 of 1st period - Snap shot by Matthew Beniers.
3:19 of 1st period - Stopped by Carter Hart without a rebound.
3:20 of 1st period - Matthew Beniers wins face-off versus Robby Fabbri in Aces zone.
3:21 of 1st period - Slapshot by Andrei Kuzmenko.
3:21 of 1st period - Shot Blocked by Nick Leddy.
3:23 of 1st period - Slapshot by J.J. Moser.
3:23 of 1st period - Shot Blocked by Dante Fabbro.
3:27 of 1st period - Slapshot by Andrei Kuzmenko.
3:27 of 1st period - Shot Misses the Net.
3:31 of 1st period - Snap shot by Andrei Kuzmenko.
3:31 of 1st period - Shot Blocked by Nick Leddy.
3:49 of 1st period - Wrist shot by Victor Olofsson.
3:49 of 1st period - Stopped by Ilya Sorokin without a rebound.
3:50 of 1st period - Elias Lindholm wins face-off versus Carter Verhaeghe in Fucksticks zone.
4:11 of 1st period - Slapshot by Carter Verhaeghe.
4:11 of 1st period - Shot Hit the Post.
4:13 of 1st period - Snap shot by Thomas Chabot.
4:13 of 1st period - Deflect By Carter Verhaeghe.
4:13 of 1st period - Shot Blocked by John Carlson.
4:13 of 1st period - Puck is out of play.
4:14 of 1st period - Matthew Beniers wins face-off versus Robby Fabbri in Fucksticks zone.
5:02 of 1st period - Ryan McDonagh is hit by Rasmus Dahlin and loses puck.
5:35 of 1st period - Wrist shot by Jack Hughes.
5:35 of 1st period - Shot Misses the Net.
5:37 of 1st period - Slapshot by Erik Cernak.
5:37 of 1st period - Deflect By Nathan MacKinnon.
5:37 of 1st period - Shot Misses the Net.
5:37 of 1st period - Puck is out of play.
5:38 of 1st period - Thomas Novak wins face-off versus Carter Verhaeghe in Fucksticks zone.
5:45 of 1st period - Backhand shot by Pavel Zacha.
5:45 of 1st period - Stopped by Carter Hart with a rebound.
5:53 of 1st period - Connor McDavid is hit by Carter Verhaeghe and loses puck.
6:04 of 1st period - J.J. Moser is hit by Anthony Beauvillier and loses puck.
6:13 of 1st period - Snap shot by Nathan MacKinnon.
6:13 of 1st period - Stopped by Ilya Sorokin with a rebound.
6:25 of 1st period - Mikael Backlund is hit by Mark Stone and loses puck.
6:32 of 1st period - Wrist shot by Elias Lindholm.
6:32 of 1st period - Shot Misses the Net.
6:34 of 1st period - Slapshot by Mark Giordano.
6:34 of 1st period - Stopped by Carter Hart without a rebound.
6:35 of 1st period - Ross Colton wins face-off versus Connor McDavid in Aces zone.
6:39 of 1st period - Off-side.
6:40 of 1st period - Ross Colton wins face-off versus Thomas Novak in neutral zone.
7:17 of 1st period - Wrist shot by Nathan MacKinnon.
7:17 of 1st period - Stopped by Ilya Sorokin without a rebound.
7:18 of 1st period - Victor Olofsson wins face-off versus Matthew Beniers in Fucksticks zone.
7:56 of 1st period - Snap shot by Matthew Beniers.
7:56 of 1st period - Deflect By Andrei Kuzmenko.
7:56 of 1st period - Shot Misses the Net.
7:56 of 1st period - Puck is out of play.
7:57 of 1st period - Connor McDavid wins face-off versus Clayton Keller in Aces zone.
8:23 of 1st period - Mark Stone is hit by Robby Fabbri and loses puck.
8:34 of 1st period - Wrist shot by Elias Lindholm.
8:34 of 1st period - Deflect By Kyle Connor.
8:34 of 1st period - Shot Blocked by Thomas Chabot.
8:34 of 1st period - Puck is out of play.
8:35 of 1st period - Carter Verhaeghe wins face-off versus Connor McDavid in Aces zone.
8:35 of 1st period - Carter Verhaeghe is hit by John Carlson.
8:51 of 1st period - Slapshot by Alex DeBrincat.
8:51 of 1st period - Stopped by Carter Hart without a rebound.
8:52 of 1st period - Nathan MacKinnon wins face-off versus Elias Lindholm in Aces zone.
9:07 of 1st period - Wrist shot by Clayton Keller.
9:07 of 1st period - Shot Blocked by John Carlson.
9:09 of 1st period - Slapshot by Erik Cernak.
9:09 of 1st period - Stopped by Ilya Sorokin with a rebound.
9:26 of 1st period - Alex DeBrincat is hit by Robby Fabbri and loses puck.
10:02 of 1st period - Slapshot by Thomas Novak.
10:02 of 1st period - Shot Blocked by Thomas Chabot.
10:04 of 1st period - Slapshot by Mulvinder BitchTits.
10:04 of 1st period - Shot Blocked by Ryan McDonagh.
10:06 of 1st period - Slapshot by Rasmus Dahlin.
10:06 of 1st period - Stopped by Carter Hart with a rebound.
10:12 of 1st period - Snap shot by Nathan MacKinnon.
10:12 of 1st period - Shot Misses the Net.
10:36 of 1st period - Slapshot by Robby Fabbri.
10:36 of 1st period - Shot Blocked by Mark Giordano.
10:50 of 1st period - Wrist shot by Jordan Kyrou.
10:50 of 1st period - Stopped by Ilya Sorokin with a rebound.
11:38 of 1st period - Wrist shot by Carter Verhaeghe.
11:38 of 1st period - Shot Blocked by Andrei Kuzmenko.
11:38 of 1st period - Andrei Kuzmenko from Fucksticks is injured at 11:38 of 1st period (Right Hand).
11:39 of 1st period - Nathan MacKinnon wins face-off versus Connor McDavid in Fucksticks zone.
11:40 of 1st period - Wrist shot by Jack Hughes.
11:40 of 1st period - Shot Blocked by Connor McDavid.
11:42 of 1st period - Slapshot by Clayton Keller.
11:42 of 1st period - Goal by Clayton Keller - Fucksticks : 0 - Aces : 2.
11:43 of 1st period - Connor McDavid wins face-off versus Nathan MacKinnon in neutral zone.
12:17 of 1st period - Slapshot by Charlie Coyle.
12:17 of 1st period - Shot Misses the Net.
12:19 of 1st period - Slapshot by Lee Mack.
12:19 of 1st period - Shot Misses the Net.
12:21 of 1st period - Slapshot by Jordan Kyrou.
12:21 of 1st period - Shot Blocked by Mulvinder BitchTits.
13:51 of 1st period - Lee Mack is hit by Elias Lindholm and loses puck.
14:42 of 1st period - MacKenzie Weegar is hit by Thomas Chabot and loses puck.
16:00 of 1st period - Slapshot by Nathan MacKinnon.
16:00 of 1st period - Stopped by Ilya Sorokin without a rebound.
16:01 of 1st period - Ross Colton wins face-off versus Elias Lindholm in Fucksticks zone.
16:02 of 1st period - Snap shot by Nathan MacKinnon.
16:02 of 1st period - Stopped by Ilya Sorokin with a rebound.
16:09 of 1st period - Off-side.
16:10 of 1st period - Robby Fabbri wins face-off versus Connor McDavid in neutral zone.
16:58 of 1st period - Snap shot by Mulvinder BitchTits.
16:58 of 1st period - Shot Blocked by Lee Mack.
17:00 of 1st period - Snap shot by Dawson Mercer.
17:00 of 1st period - Shot Misses the Net.
17:02 of 1st period - Wrist shot by Dawson Mercer.
17:02 of 1st period - Stopped by Carter Hart without a rebound.
17:03 of 1st period - Thomas Novak wins face-off versus Nathan MacKinnon in Aces zone.
17:26 of 1st period - Snap shot by Clayton Keller.
17:26 of 1st period - Shot Misses the Net.
17:46 of 1st period - Wrist shot by Nathan MacKinnon.
17:46 of 1st period - Stopped by Ilya Sorokin without a rebound.
17:47 of 1st period - Matthew Beniers wins face-off versus Robby Fabbri in Fucksticks zone.
18:03 of 1st period - Icing by MacKenzie Weegar.
18:04 of 1st period - Elias Lindholm wins face-off versus Carter Verhaeghe in Fucksticks zone.
18:15 of 1st period - John Carlson is hit by Carter Verhaeghe and loses puck.
19:27 of 1st period - Wrist shot by Matthew Beniers.
19:27 of 1st period - Stopped by Carter Hart without a rebound.
19:28 of 1st period - Matthew Beniers wins face-off versus Carter Verhaeghe in Aces zone.
Goals for this period are 0 for Fucksticks vs 2 for Aces.
Shots for this period are 12 for Fucksticks vs 11 for Aces.

2nd period


0:01 of 2nd period - Nathan MacKinnon wins face-off versus Connor McDavid in neutral zone.
0:06 of 2nd period - Slapshot by Clayton Keller.
0:06 of 2nd period - Shot Blocked by Rasmus Dahlin.
0:26 of 2nd period - Victor Olofsson is hit by Kyle Connor and loses puck.
1:14 of 2nd period - Snap shot by Nathan MacKinnon.
1:14 of 2nd period - Deflect By Ross Colton.
1:14 of 2nd period - Stopped by Ilya Sorokin with a rebound.
1:16 of 2nd period - Backhand shot by Anthony Beauvillier.
1:16 of 2nd period - Stopped by Ilya Sorokin without a rebound.
1:17 of 2nd period - Thomas Novak wins face-off versus Nathan MacKinnon in Fucksticks zone.
1:17 of 2nd period - Thomas Novak is hit by Clayton Keller.
1:47 of 2nd period - Wrist shot by Victor Olofsson.
1:47 of 2nd period - Shot Misses the Net.
1:49 of 2nd period - Wrist shot by Mikael Backlund.
1:49 of 2nd period - Shot Misses the Net.
1:51 of 2nd period - Wrist shot by Robby Fabbri.
1:51 of 2nd period - Deflect By Mulvinder BitchTits.
1:51 of 2nd period - Stopped by Ilya Sorokin without a rebound.
1:52 of 2nd period - Elias Lindholm wins face-off versus Victor Olofsson in Fucksticks zone.
1:52 of 2nd period - Elias Lindholm is hit by Dante Fabbro.
2:00 of 2nd period - Wrist shot by Kyle Connor.
2:00 of 2nd period - Stopped by Carter Hart with a rebound.
2:02 of 2nd period - Snap shot by Kyle Connor.
2:02 of 2nd period - Stopped by Carter Hart with a rebound.
2:04 of 2nd period - Wrist shot by John Carlson.
2:04 of 2nd period - Shot Blocked by Dante Fabbro.
2:27 of 2nd period - Icing by MacKenzie Weegar.
2:28 of 2nd period - Carter Verhaeghe wins face-off versus Elias Lindholm in Fucksticks zone.
2:47 of 2nd period - Wrist shot by Kyle Connor.
2:47 of 2nd period - Goal by Kyle Connor - Fucksticks : 1 - Aces : 2.
2:48 of 2nd period - Connor McDavid wins face-off versus Nathan MacKinnon in neutral zone.
2:48 of 2nd period - Alex DeBrincat is hit by Nathan MacKinnon and loses puck.
3:27 of 2nd period - Snap shot by Robby Fabbri.
3:27 of 2nd period - Shot Blocked by Mulvinder BitchTits.
3:47 of 2nd period - Snap shot by Dawson Mercer.
3:47 of 2nd period - Stopped by Carter Hart without a rebound.
3:48 of 2nd period - Connor McDavid wins face-off versus Anthony Beauvillier in Aces zone.
3:51 of 2nd period - Slapshot by Alex DeBrincat.
3:51 of 2nd period - Shot Blocked by Lee Mack.
4:00 of 2nd period - Minor Penalty to Alex DeBrincat for Delaying the game.
4:01 of 2nd period - Connor McDavid wins face-off versus Jack Hughes in Fucksticks zone.
4:27 of 2nd period - Rasmus Dahlin is hit by Lee Mack and loses puck.
4:34 of 2nd period - Snap shot by Carter Verhaeghe.
4:34 of 2nd period - Shot Blocked by Rasmus Dahlin.
4:36 of 2nd period - Wrist shot by Carter Verhaeghe.
4:36 of 2nd period - Shot Blocked by Kyle Connor.
4:38 of 2nd period - Wrist shot by Jordan Kyrou.
4:38 of 2nd period - Stopped by Ilya Sorokin with a rebound.
5:43 of 2nd period - Pavel Zacha is hit by Clayton Keller.
6:00 of 2nd period - Penalty to Alex DeBrincat is over, Alex DeBrincat is back on ice.
6:11 of 2nd period - Snap shot by Tage Thompson.
6:11 of 2nd period - Shot Misses the Net.
7:07 of 2nd period - Snap shot by Ross Colton.
7:07 of 2nd period - Deflect By Anthony Beauvillier.
7:07 of 2nd period - Stopped by Ilya Sorokin with a rebound.
7:09 of 2nd period - Slapshot by Ryan McDonagh.
7:09 of 2nd period - Shot Blocked by Mulvinder BitchTits.
10:25 of 2nd period - Carter Verhaeghe is hit by Connor McDavid and loses puck.
10:40 of 2nd period - MacKenzie Weegar is hit by Robby Fabbri and loses puck.
11:03 of 2nd period - Wrist shot by Jordan Kyrou.
11:03 of 2nd period - Deflect By Carter Verhaeghe.
11:03 of 2nd period - Stopped by Ilya Sorokin without a rebound.
11:04 of 2nd period - Thomas Novak wins face-off versus Jordan Kyrou in Fucksticks zone.
11:04 of 2nd period - Thomas Novak is hit by Charlie Coyle.
11:20 of 2nd period - Slapshot by Jordan Kyrou.
11:20 of 2nd period - Shot Blocked by Mark Stone.
11:22 of 2nd period - Snap shot by Robby Fabbri.
11:22 of 2nd period - Deflect By Mikael Backlund.
11:22 of 2nd period - Stopped by Ilya Sorokin without a rebound.
11:23 of 2nd period - Elias Lindholm wins face-off versus Robby Fabbri in Fucksticks zone.
11:34 of 2nd period - Slapshot by Kyle Connor.
11:34 of 2nd period - Stopped by Carter Hart with a rebound.
11:40 of 2nd period - Elias Lindholm is hit by Mikael Backlund and loses puck.
11:49 of 2nd period - Robby Fabbri is hit by Mark Stone and loses puck.
12:10 of 2nd period - Slapshot by Kyle Connor.
12:10 of 2nd period - Stopped by Carter Hart with a rebound.
12:12 of 2nd period - Slapshot by Elias Lindholm.
12:12 of 2nd period - Shot Misses the Net.
12:14 of 2nd period - Wrist shot by Mark Stone.
12:14 of 2nd period - Stopped by Carter Hart without a rebound.
12:15 of 2nd period - Nathan MacKinnon wins face-off versus Connor McDavid in Aces zone.
12:20 of 2nd period - Wrist shot by Alex DeBrincat.
12:20 of 2nd period - Shot Misses the Net.
13:42 of 2nd period - Snap shot by Mikael Backlund.
13:42 of 2nd period - Shot Blocked by Rasmus Dahlin.
14:00 of 2nd period - Wrist shot by Nathan MacKinnon.
14:00 of 2nd period - Stopped by Ilya Sorokin without a rebound.
14:01 of 2nd period - Ross Colton wins face-off versus Thomas Novak in Fucksticks zone.
14:24 of 2nd period - Wrist shot by Pavel Zacha.
14:24 of 2nd period - Deflect By Dawson Mercer.
14:24 of 2nd period - Shot Misses the Net.
14:24 of 2nd period - Puck is out of play.
14:25 of 2nd period - Matthew Beniers wins face-off versus Carter Verhaeghe in Aces zone.
14:57 of 2nd period - Robby Fabbri is hit by Dawson Mercer and loses puck.
15:11 of 2nd period - Snap shot by Mulvinder BitchTits.
15:11 of 2nd period - Stopped by Carter Hart without a rebound.
15:12 of 2nd period - Nathan MacKinnon wins face-off versus Connor McDavid in Aces zone.
15:25 of 2nd period - Wrist shot by Connor McDavid.
15:25 of 2nd period - Shot Misses the Net.
15:27 of 2nd period - Wrist shot by Tage Thompson.
15:27 of 2nd period - Stopped by Carter Hart without a rebound.
15:28 of 2nd period - Carter Verhaeghe wins face-off versus Elias Lindholm in Aces zone.
15:31 of 2nd period - Snap shot by Elias Lindholm.
15:31 of 2nd period - Stopped by Carter Hart with a rebound.
15:43 of 2nd period - Snap shot by Elias Lindholm.
15:43 of 2nd period - Shot Misses the Net.
15:45 of 2nd period - Snap shot by Kyle Connor.
15:45 of 2nd period - Stopped by Carter Hart with a rebound.
16:02 of 2nd period - Erik Cernak is hit by MacKenzie Weegar and loses puck.
16:08 of 2nd period - Off-side.
16:09 of 2nd period - Victor Olofsson wins face-off versus Matthew Beniers in neutral zone.
16:12 of 2nd period - Wrist shot by Mikael Backlund.
16:12 of 2nd period - Deflect By Victor Olofsson.
16:12 of 2nd period - Stopped by Ilya Sorokin with a rebound.
16:14 of 2nd period - Snap shot by Mikael Backlund.
16:14 of 2nd period - Stopped by Ilya Sorokin with a rebound.
16:34 of 2nd period - Alex DeBrincat is hit by Nathan MacKinnon and loses puck.
16:43 of 2nd period - Wrist shot by Tage Thompson.
16:43 of 2nd period - Shot Misses the Net.
16:45 of 2nd period - Wrist shot by Tage Thompson.
16:45 of 2nd period - Shot Misses the Net.
18:00 of 2nd period - Snap shot by Jordan Kyrou.
18:00 of 2nd period - Stopped by Ilya Sorokin without a rebound.
18:01 of 2nd period - Carter Verhaeghe wins face-off versus Elias Lindholm in Fucksticks zone.
18:06 of 2nd period - Wrist shot by Charlie Coyle.
18:06 of 2nd period - Deflect By John Carlson.
18:06 of 2nd period - Stopped by Ilya Sorokin without a rebound.
18:07 of 2nd period - Connor McDavid wins face-off versus Nathan MacKinnon in Fucksticks zone.
18:24 of 2nd period - Slapshot by Tage Thompson.
18:24 of 2nd period - Stopped by Carter Hart without a rebound.
18:25 of 2nd period - Matthew Beniers wins face-off versus Carter Verhaeghe in Aces zone.
18:40 of 2nd period - Snap shot by Jordan Kyrou.
18:40 of 2nd period - Stopped by Ilya Sorokin with a rebound.
18:42 of 2nd period - Wrist shot by Carter Verhaeghe.
18:42 of 2nd period - Shot Misses the Net.
19:22 of 2nd period - Wrist shot by Robby Fabbri.
19:22 of 2nd period - Stopped by Ilya Sorokin with a rebound.
19:24 of 2nd period - Slapshot by Nick Leddy.
19:24 of 2nd period - Stopped by Ilya Sorokin without a rebound.
19:25 of 2nd period - Thomas Novak wins face-off versus Carter Verhaeghe in Fucksticks zone.
19:30 of 2nd period - Slapshot by Pavel Zacha.
19:30 of 2nd period - Shot Misses the Net.
19:32 of 2nd period - Slapshot by MacKenzie Weegar.
19:32 of 2nd period - Stopped by Carter Hart without a rebound.
19:33 of 2nd period - Thomas Novak wins face-off versus Carter Verhaeghe in Aces zone.
19:34 of 2nd period - Wrist shot by Connor McDavid.
19:34 of 2nd period - Shot Misses the Net.
19:36 of 2nd period - Snap shot by Mulvinder BitchTits.
19:36 of 2nd period - Shot Misses the Net.
Goals for this period are 1 for Fucksticks vs 0 for Aces.
Shots for this period are 13 for Fucksticks vs 15 for Aces.

3rd period


0:01 of 3rd period - Connor McDavid wins face-off versus Nathan MacKinnon in neutral zone.
0:32 of 3rd period - Wrist shot by Jordan Kyrou.
0:32 of 3rd period - Stopped by Ilya Sorokin without a rebound.
0:33 of 3rd period - Carter Verhaeghe wins face-off versus Connor McDavid in Fucksticks zone.
0:36 of 3rd period - Snap shot by Carter Verhaeghe.
0:36 of 3rd period - Stopped by Ilya Sorokin with a rebound.
1:06 of 3rd period - Wrist shot by Jack Hughes.
1:06 of 3rd period - Shot Blocked by J.J. Moser.
1:45 of 3rd period - Snap shot by Tage Thompson.
1:45 of 3rd period - Shot Blocked by Lee Mack.
1:47 of 3rd period - Slapshot by Mulvinder BitchTits.
1:47 of 3rd period - Stopped by Carter Hart with a rebound.
1:49 of 3rd period - Snap shot by Tage Thompson.
1:49 of 3rd period - Stopped by Carter Hart with a rebound.
1:51 of 3rd period - Slapshot by Alex DeBrincat.
1:51 of 3rd period - Shot Blocked by Nathan MacKinnon.
2:01 of 3rd period - John Carlson is hit by Lee Mack and loses puck.
3:11 of 3rd period - Lee Mack is hit by Mark Giordano and loses puck.
3:22 of 3rd period - Snap shot by Connor McDavid.
3:22 of 3rd period - Stopped by Carter Hart with a rebound.
4:58 of 3rd period - Dante Fabbro is hit by J.J. Moser and loses puck.
5:13 of 3rd period - Mark Giordano is hit by Charlie Coyle.
5:23 of 3rd period - Tage Thompson is hit by Dante Fabbro.
5:47 of 3rd period - Wrist shot by Charlie Coyle.
5:47 of 3rd period - Stopped by Ilya Sorokin with a rebound.
6:04 of 3rd period - Thomas Chabot is hit by Mark Stone and loses puck.
6:45 of 3rd period - Minor Penalty to Lee Mack for Tripping.
6:46 of 3rd period - Nathan MacKinnon wins face-off versus Connor McDavid in Aces zone.
7:23 of 3rd period - Slapshot by Rasmus Dahlin.
7:23 of 3rd period - Deflect By Clayton Keller.
7:23 of 3rd period - Stopped by Carter Hart with a rebound.
8:45 of 3rd period - Penalty to Lee Mack is over, Lee Mack is back on ice.
8:55 of 3rd period - Carter Verhaeghe is hit by Dawson Mercer and loses puck.
9:00 of 3rd period - Snap shot by Matthew Beniers.
9:00 of 3rd period - Stopped by Carter Hart with a rebound.
9:38 of 3rd period - Connor McDavid is hit by Dante Fabbro and loses puck.
10:24 of 3rd period - Icing by Rasmus Dahlin.
10:25 of 3rd period - Matthew Beniers wins face-off versus Robby Fabbri in Fucksticks zone.
10:25 of 3rd period - Matthew Beniers is hit by Mikael Backlund.
10:44 of 3rd period - Minor Penalty to Robby Fabbri for Tripping.
10:45 of 3rd period - Nathan MacKinnon wins face-off versus Connor McDavid in Aces zone.
10:55 of 3rd period - Wrist shot by Connor McDavid.
10:55 of 3rd period - Deflect By Tage Thompson.
10:55 of 3rd period - Shot Misses the Net.
10:55 of 3rd period - Puck is out of play.
10:56 of 3rd period - Connor McDavid wins face-off versus Jack Hughes in Aces zone.
11:25 of 3rd period - Wrist shot by Connor McDavid.
11:25 of 3rd period - Stopped by Carter Hart with a rebound.
11:27 of 3rd period - Snap shot by Alex DeBrincat.
11:27 of 3rd period - Shot Blocked by Lee Mack.
11:29 of 3rd period - Snap shot by Alex DeBrincat.
11:29 of 3rd period - Fucksticks goal is going for a video replay.
11:29 of 3rd period - The goal is good.
11:29 of 3rd period - Goal by Alex DeBrincat - Fucksticks : 2 - Aces : 2.
11:30 of 3rd period - Thomas Novak wins face-off versus Clayton Keller in neutral zone.
11:41 of 3rd period - Snap shot by Jack Hughes.
11:41 of 3rd period - Shot Blocked by Pavel Zacha.
11:43 of 3rd period - Slapshot by Lee Mack.
11:43 of 3rd period - Stopped by Ilya Sorokin without a rebound.
11:44 of 3rd period - Connor McDavid wins face-off versus Nathan MacKinnon in Fucksticks zone.
11:49 of 3rd period - Connor McDavid is hit by Nathan MacKinnon and loses puck.
12:10 of 3rd period - Rasmus Dahlin is hit by Jordan Kyrou and loses puck.
12:15 of 3rd period - Slapshot by Jordan Kyrou.
12:15 of 3rd period - Stopped by Ilya Sorokin without a rebound.
12:16 of 3rd period - Thomas Novak wins face-off versus Carter Verhaeghe in Fucksticks zone.
12:16 of 3rd period - Thomas Novak is hit by Thomas Chabot.
12:46 of 3rd period - Ryan McDonagh is hit by Kyle Connor and loses puck.
13:37 of 3rd period - Snap shot by Connor McDavid.
13:37 of 3rd period - Shot Misses the Net.
13:39 of 3rd period - Wrist shot by Alex DeBrincat.
13:39 of 3rd period - Deflect By Tage Thompson.
13:39 of 3rd period - Shot Blocked by Erik Cernak.
13:39 of 3rd period - Puck is out of play.
13:40 of 3rd period - Carter Verhaeghe wins face-off versus Connor McDavid in Aces zone.
14:03 of 3rd period - Wrist shot by Connor McDavid.
14:03 of 3rd period - Stopped by Carter Hart without a rebound.
14:04 of 3rd period - Elias Lindholm wins face-off versus Robby Fabbri in Aces zone.
14:04 of 3rd period - Elias Lindholm is hit by Victor Olofsson.
14:10 of 3rd period - Snap shot by Kyle Connor.
14:10 of 3rd period - Shot Misses the Net.
14:12 of 3rd period - Slapshot by Mark Giordano.
14:12 of 3rd period - Shot Blocked by Erik Cernak.
14:50 of 3rd period - Tage Thompson is hit by Erik Cernak and loses puck.
14:55 of 3rd period - Wrist shot by Jordan Kyrou.
14:55 of 3rd period - Deflect By Carter Verhaeghe.
14:55 of 3rd period - Shot Misses the Net.
14:55 of 3rd period - Puck is out of play.
14:56 of 3rd period - Connor McDavid wins face-off versus Carter Verhaeghe in Fucksticks zone.
15:32 of 3rd period - Slapshot by Jordan Kyrou.
15:32 of 3rd period - Shot Blocked by John Carlson.
15:48 of 3rd period - Slapshot by Mulvinder BitchTits.
15:48 of 3rd period - Stopped by Carter Hart with a rebound.
16:10 of 3rd period - Slapshot by Carter Verhaeghe.
16:10 of 3rd period - Shot Misses the Net.
16:12 of 3rd period - Snap shot by Carter Verhaeghe.
16:12 of 3rd period - Stopped by Ilya Sorokin with a rebound.
16:14 of 3rd period - Snap shot by Carter Verhaeghe.
16:14 of 3rd period - Shot Misses the Net.
16:16 of 3rd period - Slapshot by Nick Leddy.
16:16 of 3rd period - Deflect By Rasmus Dahlin.
16:16 of 3rd period - Stopped by Ilya Sorokin without a rebound.
16:17 of 3rd period - Elias Lindholm wins face-off versus Ross Colton in Fucksticks zone.
16:26 of 3rd period - Nathan MacKinnon is hit by Kyle Connor and loses puck.
16:33 of 3rd period - Snap shot by Kyle Connor.
16:33 of 3rd period - Shot Misses the Net.
16:43 of 3rd period - Lee Mack is hit by J.J. Moser and loses puck.
17:18 of 3rd period - Wrist shot by Robby Fabbri.
17:18 of 3rd period - Stopped by Ilya Sorokin without a rebound.
17:19 of 3rd period - Elias Lindholm wins face-off versus Nathan MacKinnon in Fucksticks zone.
18:02 of 3rd period - Off-side.
18:03 of 3rd period - Elias Lindholm wins face-off versus Carter Verhaeghe in neutral zone.
18:06 of 3rd period - Snap shot by Elias Lindholm.
18:06 of 3rd period - Stopped by Carter Hart without a rebound.
18:07 of 3rd period - Carter Verhaeghe wins face-off versus Elias Lindholm in Aces zone.
18:07 of 3rd period - Carter Verhaeghe is hit by Mulvinder BitchTits.
18:29 of 3rd period - Wrist shot by Jordan Kyrou.
18:29 of 3rd period - Shot Misses the Net.
18:36 of 3rd period - Off-side.
18:37 of 3rd period - Thomas Novak wins face-off versus Ross Colton in neutral zone.
18:42 of 3rd period - Snap shot by Connor McDavid.
18:42 of 3rd period - Shot Blocked by Nathan MacKinnon.
19:45 of 3rd period - Snap shot by Connor McDavid.
19:45 of 3rd period - Stopped by Carter Hart with a rebound.
Goals for this period are 1 for Fucksticks vs 0 for Aces.
Shots for this period are 11 for Fucksticks vs 8 for Aces.

Overtime #1


0:01 of 1st overtime period - Nathan MacKinnon wins face-off versus Connor McDavid in neutral zone.
0:14 of 1st overtime period - Wrist shot by Jack Hughes.
0:14 of 1st overtime period - Shot Blocked by Mulvinder BitchTits.
0:26 of 1st overtime period - Alex DeBrincat is hit by Clayton Keller and loses puck.
1:33 of 1st overtime period - Slapshot by Rasmus Dahlin.
1:33 of 1st overtime period - Stopped by Carter Hart with a rebound.
1:40 of 1st overtime period - Icing by Lee Mack.
1:41 of 1st overtime period - Nathan MacKinnon wins face-off versus Alex DeBrincat in Aces zone.
1:46 of 1st overtime period - Slapshot by Lee Mack.
1:46 of 1st overtime period - Shot Blocked by Mulvinder BitchTits.
1:48 of 1st overtime period - Snap shot by Nathan MacKinnon.
1:48 of 1st overtime period - Shot Misses the Net.
3:16 of 1st overtime period - Wrist shot by Mark Stone.
3:16 of 1st overtime period - Shot Misses the Net.
3:47 of 1st overtime period - Off-side.
3:48 of 1st overtime period - Matthew Beniers wins face-off versus Charlie Coyle in neutral zone.
3:51 of 1st overtime period - Slapshot by Mulvinder BitchTits.
3:51 of 1st overtime period - Stopped by Carter Hart with a rebound.
4:11 of 1st overtime period - Slapshot by Mulvinder BitchTits.
4:11 of 1st overtime period - Shot Misses the Net.
4:52 of 1st overtime period - Mark Stone is hit by Jordan Kyrou and loses puck.
Goals for this period are 0 for Fucksticks vs 0 for Aces.
Shots for this period are 2 for Fucksticks vs 0 for Aces.

ShootOut


5:00 of 1st overtime period - Round #1.
5:00 of 1st overtime period - Fucksticks, Connor McDavid.
5:00 of 1st overtime period - Snap shot by Connor McDavid.
5:00 of 1st overtime period - Goal by Connor McDavid.
5:00 of 1st overtime period - Aces, Nathan MacKinnon.
5:00 of 1st overtime period - Snap shot by Nathan MacKinnon.
5:00 of 1st overtime period - Stopped by Ilya Sorokin.
5:00 of 1st overtime period - Round #2.
5:00 of 1st overtime period - Fucksticks, Tage Thompson.
5:00 of 1st overtime period - Snap shot by Tage Thompson.
5:00 of 1st overtime period - Shot Misses the Net.
5:00 of 1st overtime period - Aces, Jack Hughes.
5:00 of 1st overtime period - Backhand shot by Jack Hughes.
5:00 of 1st overtime period - Stopped by Ilya Sorokin.
5:00 of 1st overtime period - Round #3.
5:00 of 1st overtime period - Fucksticks, Kyle Connor.
5:00 of 1st overtime period - Snap shot by Kyle Connor.
5:00 of 1st overtime period - Stopped by Carter Hart.
5:00 of 1st overtime period - Aces, Clayton Keller.
5:00 of 1st overtime period - Wrist shot by Clayton Keller.
5:00 of 1st overtime period - Stopped by Ilya Sorokin.